 Dungeon Crawl Stone Soup version 0.28-a0-385-g79de503ca0 (webtiles) character file.

Game seed: 15924246417850787326

90 Decipherer the Skirmisher (level 4, 0/35 (37) HPs)
             Began as a Formicid Abyssal Knight on Sept 3, 2021.
             Was a Believer of Lugonu.
             Slain by an adder (4 damage)
             ... on level 1 of the Dungeon.
             The game lasted 00:05:33 (2422 turns).

Decipherer the Skirmisher (Formicid Abyssal Knight) Turns: 2422, Time: 00:05:33

HP:   0/35 (37)     AC:  8    Str: 14 (16) XL:     4   Next: 85%
MP:   5/5           EV:  3    Int: 10 (12) God:    Lugonu [**....]
Gold: 50            SH:  6    Dex:  8 (11) Spells: 3/3 levels left

rFire   . . .      SeeInvis +   a - +1 spear
rCold   . . .      Faith    .   f - +0 kite shield
rNeg    . . .      Spirit   .   h - +0 chain mail
rPois   .          Reflect  .   (helmet unavailable)
rElec   .          Harm     .   (no cloak)
rCorr   .          Rampage  .   (no gloves)
Will    .....                   (no boots)
Stlth   ..........              (no amulet)
HPRegen 0.11/turn               (no ring)
MPRegen 0.09/turn               (no ring)

@: drained
A: permanent stasis, dig shafts and tunnels, antennae 3, four strong arms
a: Dig, Shaft Self, Renounce Religion, Depart the Abyss, Bend Space


You were on level 1 of the Dungeon.
You worshipped Lugonu.
Lugonu was pleased with you.
You visited 1 branch of the dungeon, and saw 2 of its levels.
You visited the Abyss 1 time.

You collected 50 gold pieces.

Inventory:

Hand Weapons
 a - a +1 spear (weapon)
Armour
 b - a +0 leather armour
 c - a +0 chain mail
 f - a +0 kite shield (worn)
 h - a +0 chain mail (worn)
Scrolls
 d - 3 scrolls of amnesia {unknown}
 e - a scroll of holy word {unknown}


   Skills:
 + Level 3.9 Fighting
 + Level 3.3 Polearms
 + Level 2.6 Armour
 + Level 1.4 Dodging
 + Level 0.2 Shields
 + Level 2.6 Invocations


You had 3 spell levels left.
You didn't know any spells.
Your spell library was empty.

Dungeon Overview and Level Annotations

Branches:
Dungeon (2/15)

Altars:

Shops:
D:1 (


Innate Abilities, Weirdness & Mutations

You cannot be hasted, slowed, berserked, paralysed or teleported.
You can dig through walls and to a lower floor.
You have a pair of large antennae on your head. (SInv)
Your four strong arms can wield two-handed weapons with a shield.


Message History

The adder bites you but does no damage. The adder bites you but does no damage.
The adder bites you but does no damage. The adder bites you but does no damage.
The adder bites you.
* * * LOW HITPOINT WARNING * * *
The adder bites you but does no damage.
There is a stone staircase leading down here.
The adder barely misses you. The adder bites you but does no damage.
Okay, then.
You aren't carrying any potions.
You aren't carrying any pieces of jewellery.
Okay, then.
The adder bites you but does no damage. You block the adder's attack.
Space bends around you!
You blink.
The adder bites you but does no damage. Space bends around you!
You blink.
The adder bites you but does no damage. The adder bites you but does no damage.
The adder bites you but does no damage. You block the adder's attack.
The adder bites you but does no damage. The adder bites you but does no damage.
The adder bites you but does no damage. You block the adder's attack.
The adder bites you.
* * * LOW HITPOINT WARNING * * *
The adder bites you but does no damage. The adder bites you but does no damage.
The adder bites you but does no damage. The adder bites you but does no damage.
The adder barely misses you. The adder bites you.
* * * LOW HITPOINT WARNING * * *
You see here a +0 club.
You block the adder's attack. The adder bites you.
You die...

#......# #..#8.
##.###.# #.#.#.
#)###.#######..#..
#......†..........
#..##########.....
#..# #..... #..#
#...## #S.# #....#
#@.# #..... #..#
###..# #.># #..#
#..# #..# #..#####
#..# #......# #..#
##.###.### #..#
#.#.....# #...
#.#.....## #.##


You could see an adder.

Vanquished Creatures
  3 adders
  A dart slug (D:1)
  4 ball pythons
  8 bats
  3 endoplasms (D:1)
  5 goblins
  10 hobgoblins
  8 jackals (D:1)
  3 quokkas
  2 frilled lizards (D:1)
  3 kobolds
  5 rats
55 creatures vanquished.

Notes
Turn   | Place    | Note
-------+----------+-------------------------------------------
     0 | Abyss:1  | Decipherer the Formicid Abyssal Knight began the quest for
                  | the Orb.
     0 | Abyss:1  | Reached XP level 1. HP: 18/18 MP: 2/2
     3 | Abyss:1  | Found a corrupted altar of Lugonu.
    40 | Abyss:1  | Noticed a starcursed mass
    44 | D:1      | Escaped the Abyss
    97 | D:1      | Reached * piety under Lugonu
   251 | D:1      | Reached XP level 2. HP: 24/24 MP: 3/3
   536 | D:1      | Reached XP level 3. HP: 30/30 MP: 4/4
   579 | D:1      | Reached skill level 1 in Dodging
   890 | D:1      | Found Cetseite's Antique Weapon Emporium.
  1238 | D:1      | Reached ** piety under Lugonu
  1451 | D:2      | Reached XP level 4. HP: 34/37 MP: 5/5
  1776 | D:2      | HP: 1/37 [adder (2)]
  1951 | D:2      | Noticed a necrophage
  2422 | D:1      | Slain by an adder

Illustrated notes

Levels and vault maps discovered:
D:1:      moated_graveyard_arrival, layout_loops_ring, serial_shops, shop,
          minmay_misc_feat_iff, minmay_statues_item
D:2:      layout_loops_ring

Skill      XL: |  1  2  3  4 |
---------------+-------------+-----
Dodging        | 1 |  1.4
Polearms       | 3 |  3.3
Fighting       | |  3.9
Armour         | |  2.6
Shields        | |  0.2
Invocations    | |  2.6

Action                   |  1- 3 |  4- 6 || total
-------------------------+-------+-------++-------
Melee: Spear             |   125 |    96 ||   221
Invok: Depart the Abyss  |     1 |       ||     1
       Bend Space        |       |     2 ||     2
 Abil: Dig               |     5 |       ||     5
  Use: Potion            |       |     3 ||     3
Armor: Leather armour    |    21 |       ||    21
       Chain mail        |     4 |    80 ||    84
Dodge: Dodged            |    50 |    27 ||    77
Block: Kite shield       |     2 |    43 ||    45

Table legend: (Time is in decaauts)
 A = Elapsed time spent in this place.
 B = Non-inter-level travel time spent in this place.
 C = Inter-level travel time spent in this place.
 D = Time resting spent in this place.
 E = Time spent auto-exploring this place.
 F = Levels seen in this place.
 G = Mean time per level.
                   A        B        C        D        E       F      G
               +--------+--------+--------+--------+--------+-----+--------+
         Total |   2445 |   2224 |    221 |      0 |   1609 |   3 |  815.0 |
       Dungeon |   2401 |   2180 |    221 |      0 |   1572 |   2 | 1200.5 |
         Abyss |     44 |     44 |      0 |      0 |     37 |   1 |   44.0 |
               +--------+--------+--------+--------+--------+-----+--------+

Top non-repeatable levels by time:
     D:1: 1769 daAuts
     D:2: 632 daAuts
 Abyss:1: 44 daAuts
